 Dungeon Crawl Stone Soup version 0.28-b1-25-g9875b3fc8c (webtiles) character file.

Game seed: 962582691028492544

657 croobank the Cutter (level 7, -2/53 HPs)
             Began as a Vampire Fighter on Jan 31, 2022.
             Slain by a gnoll (9 damage)
             ... on level 5 of the Dungeon on Feb 1, 2022.
             The game lasted 00:16:40 (3452 turns).

croobank the Cutter (Vampire Fighter)               Turns: 3452, Time: 00:16:40

Health: -2/53      AC: 14    Str: 15    XL:     7   Next: 29%
Magic:  7/7        EV:  9    Int: 10    God:
Gold:   52         SH:  5    Dex: 16    Spells: 6/6 levels left

rFire   . . .      SeeInvis +   a - +0 rapier
rCold   . . .      Faith    .   c - +0 buckler
rNeg    . . .      Spirit   .   b - +0 scale mail
rPois   .          Reflect  .   D - +1 helmet
rElec   .          Harm     .   (no cloak)
rCorr   .          Rampage  .   p - +0 pair of gloves
Will    .....                   (no boots)
Stlth   ..........              (no amulet)
HPRegen 0.37/turn               v - +4 ring of protection
MPRegen 0.10/turn               (no ring)

@: mighty, lit by a corona, healing quickly, hasted, glowing, very quick
A: alive, fangs 3, see invisible, vampiric 2
a: Exsanguinate


You were on level 5 of the Dungeon.
You visited 1 branch of the dungeon, and saw 6 of its levels.
You also visited: Sewer.

You collected 162 gold pieces.
You spent 110 gold pieces at shops.

Inventory:

Hand Weapons
 a - a +0 rapier (weapon)
 m - a +1 short sword of speed
 B - a +0 club
 C - a +4 vorpal spear
Missiles
 e - 2 boomerangs
 i - 41 bolts
 l - 41 arrows
 n - 43 stones (quivered)
 t - 18 sling bullets
 A - 2 atropa-tipped darts
Armour
 b - a +0 scale mail (worn)
 c - a +0 buckler (worn)
 p - a +0 pair of gloves (worn)
 y - a +0 buckler
 D - a +1 helmet (worn)
Jewellery
 r - the ring of the Fiend {rPois rF+ Will+ Str-4 Dex+4 Stlth-}
   (You found it on level 3 of the Dungeon)

   [ring of protection from fire]

   Str:       It affects your strength (-4).
   Dex:       It affects your dexterity (+4).
   rF:        It protects you from fire.
   rPois:     It protects you from poison.
   Will:      It increases your willpower.
   Stlth:     It makes you less stealthy.
 v - a +4 ring of protection (left hand)
Wands
 o - a wand of flame (23)
Scrolls
 f - a scroll of magic mapping {unknown}
 j - a scroll of noise {unknown}
 k - 2 scrolls of teleportation {unknown}
 s - a scroll of fear {unknown}
 w - 2 scrolls of fog {unknown}
 x - a scroll of identify
Potions
 g - a potion of flight {unknown}
 h - a potion of brilliance {unknown}
 q - 3 potions of curing
Miscellaneous
 z - a box of beasts


   Skills:
 + Level 3.7 Fighting
 + Level 6.0 Short Blades
 + Level 3.9 Armour
 + Level 2.3 Dodging
 + Level 1.2 Stealth
 + Level 3.5 Shields


You had 6 spell levels left.
You didn't know any spells.
Your spell library contained the following spells:

 Spells                   Type           Power      Damage    Failure   Level
 Sting                    Tmut/Pois      0%         1d3       88%         1
 Poisonous Vapours        Pois/Air       0%         N/A       95%         2
 Sublimation of Blood     Necr           0%         N/A       95%         2
 Olgreb's Toxic Radiance  Pois           0%         N/A       100%        4
 Petrify                  Tmut/Erth      0%         N/A       100%        4
 Irradiate                Conj/Tmut      0%         3d14      100%        5


Dungeon Overview and Level Annotations

Branches:
Dungeon (6/15)             Temple (0/1) D:6           Sewer (visited)

Altars:

Shops:
D:3 !


Innate Abilities, Weirdness & Mutations

Your natural rate of healing is accelerated.
You have razor-sharp teeth.
You have supernaturally acute eyesight. (SInv)
You are afflicted with vampirism and can become a bat while bloodless.


Message History

You barely miss the gnoll. You bite the gnoll.
You kill the gnoll!
The gnoll hits you but does no damage. x2
You puncture the hound zombie!
The hound zombie is heavily damaged.
The hound zombie bites you but does no damage.
The gnoll hits you from afar with a +1 halberd of flaming.
The gnoll burns you. The gnoll barely misses you.
You hit the hound zombie.
The hound zombie is almost destroyed.
You block the hound zombie's attack. The gnoll barely misses you.
The gnoll closely misses you.
The hound zombie bites you but does no damage.
You impale the hound zombie!!
You destroy the hound zombie!
The gnoll hits you from afar with a +1 halberd of flaming!
The gnoll burns you.
* * * LOW HITPOINT WARNING * * *
The gnoll hits you but does no damage. You block the gnoll's attack.
Items here: )) [ †.
You feel yourself speed up. You block the gnoll's attack.
You puncture the gnoll!
You kill the gnoll!
The centaur shoots an arrow.
The arrow hits you!
* * * LOW HITPOINT WARNING * * *
The gnoll barely misses you.
The centaur unwields a +0 shortbow.
The centaur hits you but does no damage.
The centaur kicks you but does no damage.
Items here: ))) [ ††.
You hit the centaur.
The centaur is moderately wounded.
The centaur hits you but does no damage.
The centaur kicks you but does no damage.
You block the gnoll's attack.
The centaur wields a +0 shortbow.
The centaur shoots an arrow.
You block the arrow.
The gnoll hits you from afar with a +1 halberd of flaming!
You die...

#.....#
.####.....###
............
#.........##
..........
#....g5# #...g.J#
#g#### #c)@.#
####.## #..# #
##.##.#
#######....# .
##..........# ..
......#'#....# ..
###.. #.#....#
..#.
######.###.###..#


You could see a centaur and a gnoll.

Vanquished Creatures
  Menkaure (D:4)
  2 bullfrogs (Sewer)
  A hound (D:4)
  A jelly (D:5)
  A gnoll shaman (D:5)
  An iguana (D:4)
  An orc wizard (D:3)
  A hound zombie (D:5)
  Robin (D:4)
  2 gnolls (D:5)
  5 adders
  4 worms
  2 dart slugs
  17 orcs
  13 ball pythons
  10 endoplasms
  18 giant cockroaches
  9 hobgoblins
  6 jackals
  7 quokkas
  3 bats
  8 frilled lizards
  16 goblins
  11 kobolds
  9 rats
150 creatures vanquished.

Vanquished Creatures (others)
  2 plants (D:1)
2 creatures vanquished.

Grand Total: 152 creatures vanquished

Notes
Turn   | Place    | Note
-------+----------+-------------------------------------------
     0 | D:1      | croobank the Vampire Fighter began the quest for the Orb.
     0 | D:1      | Reached XP level 1. HP: 17/17 MP: 1/1
    12 | D:1      | Found a faded altar of an unknown god.
   254 | D:1      | Reached XP level 2. HP: 23/23 MP: 2/2
   634 | D:1      | Gained mutation: You are afflicted with vampirism and can
                  | become a bat while bloodless. [Vampire growth]
   634 | D:1      | Reached XP level 3. HP: 28/28 MP: 3/3
   760 | D:1      | Reached skill level 3 in Short Blades
  1258 | D:2      | Reached XP level 4. HP: 35/35 MP: 4/4
  1490 | D:3      | Identified the ring of the Fiend {rPois rF+ Will+ Str-4
                  | Dex+4 Stlth-}
  1830 | D:3      | Found Nuelolim's Distillery.
  1854 | D:3      | Bought a potion of haste for 110 gold pieces
  2064 | D:3      | Reached skill level 1 in Stealth
  2197 | D:3      | Reached skill level 4 in Short Blades
  2197 | D:3      | Reached XP level 5. HP: 36/41 MP: 5/5
  2481 | D:4      | Noticed Robin
  2481 | D:4      | You fall into a shaft and drop 2 floors!
  2482 | D:6      | Found a staircase to the Ecumenical Temple.
  2485 | D:5      | Entered Level 5 of the Dungeon
  2593 | D:4      | Found a glowing drain.
  2598 | Sewer    | Entered a sewer
  2764 | Sewer    | Reached skill level 1 in Dodging
  2903 | Sewer    | Reached XP level 6. HP: 24/47 MP: 6/6
  2915 | Sewer    | Reached skill level 5 in Short Blades
  3225 | D:4      | Noticed Menkaure
  3232 | D:4      | Killed Menkaure
  3258 | D:4      | Killed Robin
  3259 | D:4      | Reached XP level 7. HP: 34/53 MP: 7/7
  3437 | D:5      | Reached skill level 6 in Short Blades
  3452 | D:5      | Slain by a gnoll

Illustrated notes

Levels and vault maps discovered:
D:1:      erik_arrival_triangle_medium, layout_loops_corners, serial_bayou,
          serial_bayou_pond_b, serial_bayou_pond_b, serial_bayou_pond_e,
          serial_bayou_pond_e, serial_bayou_pond_d,
          ebering_ecumenical_altar_webs, amcnicky_mini_pool_small
D:2:      layout_rooms
D:3:      layout_loops_ring, serial_shops, shop_fountains, dk_noncrumbling_4,
          chequers_jeans, wad_orctagon
D:4:      layout_rooms, minmay_overflow_temple_star_quad, portal_sewer_entry_e,
          kennysheep_potato, uniq_menkaure, uniq_robin, uniq_eustachio
D:5:      layout_rooms, kennysheep_mini_moat, nicolae_ossuary_entry_plus,
          nicolae_figureground_sparkle
D:6:      layout_loops_cross, nicolae_qazlal_scattered_showers,
          mainiacjoe_overflow_24_doors, minmay_temple_entry_stoned_glass,
          uniq_grinder, uniq_blork_the_orc, uniq_prince_ribbit1

Skill      XL: |  1  2  3  4  5  6  7 |
---------------+----------------------+-----
Shields        | 3 |  3.5
Short Blades   | 3 4 5 6 |  6.0
Fighting       | 3 |  3.7
Armour         | 3 |  3.9
Stealth        | 1 |  1.2
Dodging        | 1 2 |  2.3

Action                   |  1- 3 |  4- 6 |  7- 9 || total
-------------------------+-------+-------+-------++-------
Melee: Rapier            |   124 |   280 |    47 ||   451
       Bite              |     6 |    21 |     5 ||    32
  Use: Scroll            |       |     1 |       ||     1
       Potion            |       |     1 |     2 ||     3
Armor: Scale mail        |    58 |   103 |    37 ||   198
Dodge: Dodged            |    45 |   117 |    20 ||   182
Block: Buckler           |    22 |    61 |    19 ||   102
